AoeStats
← eddie8209

Lombardia

508627263Analyzed
4v4 RM · 7d ago on Sep 23, 2026· 16m 57s· 8 players
Game mode
Random Map
Map size
Large (8 player)
Population
200
Speed
Normal
Resources
Standard
Victory
Conquest
Starting age
Dark Age
Ending age
Imperial Age
RankedLock teamsTeams togetherTeam positionsShared explorationLock speedFull tech treeHidden civsTurbo modeCheats
Victory
Defeat
🇨🇳 Slavs · China
1550
+15
🇹🇼 Varangians · Taiwan
1526
+16
🇨🇳 Koreans · China
1495
+18
🇨🇳 Khmer · China
1479
+19
1560
-18
🇨🇳 Ethiopians · China
1557
-18
🇹🇷 Spanish · Türkiye
1555
-18
🇨🇿 Magyars · Czechia
1462
-14
比奇堡_Gary
苟住
eddie8209
10:10 Feudal Age
14:08 Castle Age
13:09 Horse Collar
13:14 Double-Bit Axe
14:11 Forging
17:01 Husbandry
Element-Dy
5:50 Loom
8:40 Feudal Age
9:24 Double-Bit Axe
14:27 Wheelbarrow
14:44 Forging
15:55 Horse Collar
中药人
Joseph90
vela
CTM | Lelouch jugando borracho
Connection lost

Rejoining the realm…

Still unreachable

The connection could not be restored.

Session expired

The server has moved on; the page needs a fresh start.